 Dungeon Crawl Stone Soup version 0.30-a0-852-g08b95dd62f (webtiles) character file.

Game seed: 2006256712176756024

459 cheesebisquit the Covered (level 6, 0/53 HPs)
             Began as an Armataur Fighter on Mar 5, 2023.
             Slain by Crazy Yiuf
             ... wielding a +2 quarterstaff of chaos
              (7 damage)
             ... on level 3 of the Dungeon.
             The game lasted 00:10:51 (2627 turns).

cheesebisquit the Covered (Armataur Fighter)        Turns: 2627, Time: 00:10:51

Health: 0/53       AC: 11    Str: 23    XL:     6   Next: 78%
Magic:  4/6        EV:  5    Int:  9    God:
Gold:   137        SH:  4    Dex:  9    Spells: 5/5 levels left

rFire   . . .      SeeInvis .    (no weapon)
rCold   + . .      Faith    .    c - +0 buckler
rNeg    . . .      Spirit   .    n - +0 chain mail
rPois   .          Reflect  .    (no helmet)
rElec   .          Roll     +    g - +1 cloak
rCorr   .          Rage     3%   (no gloves)
Will    .....                    (no barding) Stlth
                                 e - amulet of the acrobat
HPRegen 0.28/turn                (no ring)
MPRegen 0.10/turn                (no ring)

@: no status effects
A: large, rugged brown scales 3, deformed body, armoured tail, roll, long
tongue, awkward tongue, hooves 1, berserk 1, cold resistance 1, noise
suppression
a: no special abilities


You were on level 3 of the Dungeon.
You visited 1 branch of the dungeon, and saw 3 of its levels.

You collected 137 gold pieces.

Inventory:

Hand Weapons
 a - a +0 long sword
Missiles
 f - 2 poisoned darts
 h - 4 boomerangs (quivered)
Armour
 c - a +0 buckler (worn)
 g - a +1 cloak (worn)
 n - a +0 chain mail (worn)
Jewellery
 e - an amulet of the acrobat (around neck)
Scrolls
 b - 2 scrolls of fog {unknown}
 k - a scroll of torment {unknown}
 l - 2 scrolls of fear {unknown}
 p - 2 scrolls of teleportation {unknown}
 q - a scroll of enchant weapon {unknown}
 r - 2 scrolls of identify
 s - a scroll of poison {unknown}
 u - a scroll of vulnerability {unknown}
Potions
 t - a potion of attraction {unknown}


   Skills:
 + Level 2.6 Fighting
 * Level 3.6 Long Blades
 + Level 5.6 Armour
 - Level 4.0 Stealth
 + Level 5.1 Shields


You had 5 spell levels left.
You didn't know any spells.
Your spell library was empty.

Dungeon Overview and Level Annotations

Branches:
Dungeon (3/15)

Altars:
Dithmenos
Vehumet

Annotations:
D:3 Crazy Yiuf


Innate Abilities, Weirdness & Mutations

You are completely covered in rugged brown scales. (AC +3, +7% HP)
Armour fits poorly on your strangely shaped body.
You have a long armoured tail.
You roll when moving toward enemies. (Rampage)
Your long tongue fully drains potion bottles. (2x potion effects)
Your tongue gives you trouble enunciating. (1.5x scroll delay)
You have large cloven feet.
You sometimes lose your temper in combat.
Your flesh is cold resistant. (rC+)
You passively dampen the noise of your surroundings.


Message History

It is a scroll of identify.
j - a potion of lignification Crazy Yiuf whimpers, "Pitchfork!"
Crazy Yiuf barely misses you.
Okay, then.
Really quaff the potion of lignification?
You slurp down every last drop of the potion of lignification!
You turn into a tree.
Your +1 cloak melds into your body.
Your +0 chain mail melds into your body.
Your roots penetrate the ground.
Crazy Yiuf hits you with a +2 quarterstaff of chaos.
Space warps horribly around you!
* * * LOW HITPOINT WARNING * * *
You are now empty-handed.
Crazy Yiuf hits you but does no damage.
You hit Crazy Yiuf.
Crazy Yiuf is heavily wounded.
Crazy Yiuf says, "Action!"
Crazy Yiuf hits you with a +2 quarterstaff of chaos.
* * * LOW HITPOINT WARNING * * *
Crazy Yiuf draws strength from your wounds!
You slurp down every last drop of the emerald potion!
It was a potion of mutation.
You feel extremely strange.
You feel a hidden malignance growing inside you.
You feel your surroundings grow quieter.
Your feet thicken and deform.
You no longer feel a malignance within.
You feel a little pissed off.
You feel resistant to cold.
Crazy Yiuf hits you with a +2 quarterstaff of chaos.
* * * LOW HITPOINT WARNING * * *
You feel your power leaking away.
You slurp down every last drop of the blue potion!
It was a potion of cancellation.
Your magical effects are unravelling.
You feel magically purged.
You feel less wooden.
Your +1 cloak unmelds from your body.
Your +0 chain mail unmelds from your body.
You feel a little less agile now.
Crazy Yiuf glowers.
Crazy Yiuf hits you with a +2 quarterstaff of chaos!
You die...

# ### # ##.# #
##.## # ##.##
###.##
##.###############
...............g@#
.#################
## # # #


You could see Crazy Yiuf.

Vanquished Creatures
  Grinder (D:3)
  An ogre (D:3)
  A jelly (D:2)
  Jessica (D:2)
  Terence (D:3)
  4 gnolls (D:2)
  2 adders
  3 dart slugs
  4 orcs (D:3)
  2 ball pythons (D:2)
  4 endoplasms
  2 giant cockroaches
  4 goblins
  A hobgoblin (D:2)
  4 jackals (D:1)
  3 quokkas (D:1)
  4 bats
  3 frilled lizards
  3 kobolds
  3 rats
51 creatures vanquished.

Notes
Turn   | Place    | Note
-------+----------+-------------------------------------------
     0 | D:1      | cheesebisquit the Armataur Fighter began the quest for the
                  | Orb.
     0 | D:1      | Reached XP level 1. HP: 19/19 MP: 1/1
   209 | D:1      | Reached XP level 2. HP: 21/26 MP: 2/2
   287 | D:1      | Reached skill level 1 in Stealth
   702 | D:2      | Found a shadowy altar of Dithmenos.
   750 | D:2      | Reached XP level 3. HP: 22/32 MP: 3/3
   863 | D:2      | Noticed Jessica
   868 | D:2      | Killed Jessica
   869 | D:2      | Reached XP level 4. HP: 35/39 MP: 4/4
  1331 | D:2      | Reached XP level 5. HP: 24/44 MP: 5/5
  1821 | D:3      | Noticed Grinder
  1823 | D:3      | Paralysed by Grinder for 3 turns
  1841 | D:3      | Killed Grinder
  1842 | D:3      | Reached skill level 5 in Armour
  1842 | D:3      | Reached XP level 6. HP: 36/53 MP: 6/6
  2064 | D:3      | Found a radiant altar of Vehumet.
  2097 | D:3      | Noticed Terence
  2130 | D:3      | Killed Terence
  2174 | D:3      | Reached skill level 5 in Shields
  2470 | D:3      | Found a runed translucent door.
  2471 | D:3      | Noticed Crazy Yiuf
  2626 | D:3      | Gained mutation: You have hidden genetic defects. [potion
                  | of mutation]
  2626 | D:3      | Gained mutation: You passively dampen the noise of your
                  | surroundings. [potion of mutation]
  2626 | D:3      | Gained mutation: You have large cloven feet. [potion of
                  | mutation]
  2626 | D:3      | Lost mutation: You have hidden genetic defects. [potion of
                  | mutation]
  2626 | D:3      | Gained mutation: You sometimes lose your temper in combat.
                  | [potion of mutation]
  2626 | D:3      | Gained mutation: Your flesh is cold resistant. (rC+)
                  | [potion of mutation]
  2627 | D:3      | Slain by Crazy Yiuf

Illustrated notes

Levels and vault maps discovered:
D:1:      dpeg_arrival_windows_large_door, layout_loops_ring
D:2:      layout_loops_cross, basic_altar, uniq_jessica
D:3:      layout_basic, vehumet_crystals, uniq_crazy_yiuf_cottage, uniq_grinder,
          uniq_terence

Skill      XL: |  1  2  3  4  5  6 |
---------------+-------------------+-----
Long Blades    | 2 3 |  3.6
Stealth        | 1 2 3 4 |  4.0
Armour         | 4 5 |  5.6
Shields        | 4 5 |  5.1
Fighting       | |  2.6

Action                     |  1- 3 |  4- 6 || total
---------------------------+-------+-------++-------
  Melee: Long sword        |    66 |   130 ||   196
         Tailslap          |     8 |    11 ||    19
         Unarmed           |       |     2 ||     2
  Throw: Boomerang         |    22 |    39 ||    61
    Use: Potion            |       |     8 ||     8
         Scroll            |       |     1 ||     1
 Armour: Scale mail        |    38 |       ||    38
         Chain mail        |       |    56 ||    56
         Skin              |       |     1 ||     1
  Dodge: Dodged            |    23 |    35 ||    58
  Block: Buckler           |     6 |    26 ||    32

Table legend: (Time is in decaauts)
 A = Elapsed time spent in this place.
 B = Non-inter-level travel time spent in this place.
 C = Inter-level travel time spent in this place.
 D = Time resting spent in this place.
 E = Time spent auto-exploring this place.
 F = Levels seen in this place.
 G = Mean time per level.
                   A        B        C        D        E       F      G
               +--------+--------+--------+--------+--------+-----+--------+
         Total |   2694 |   2552 |    142 |     95 |   1876 |   3 |  898.0 |
       Dungeon |   2694 |   2552 |    142 |     95 |   1876 |   3 |  898.0 |
               +--------+--------+--------+--------+--------+-----+--------+

Top non-repeatable levels by time:
     D:2: 1193 daAuts
     D:3: 753 daAuts
     D:1: 747 daAuts
